 Dungeon Crawl Stone Soup version 0.30-a0-989-g0d87f670db (webtiles) character file.

Game seed: 10688519311489714355

684 DeathPants the Slasher (level 7, 0/37 HPs)
             Began as a Vine Stalker Monk on Apr 2, 2023.
             Slain by a gnoll sergeant
             ... wielding a +1 spear of freezing
              (5 damage)
             ... on level 5 of the Dungeon.
             The game lasted 00:10:26 (3482 turns).

DeathPants the Slasher (Vine Stalker Monk)          Turns: 3482, Time: 00:10:26

Health: 0/37       AC:  7    Str: 14    XL:     7   Next: 62%
Magic:  0/8        EV: 12    Int: 10    God:
Gold:   289        SH:  0    Dex: 18    Spells: 6/6 levels left

rFire   . . .      SeeInvis .    a - +0 falchion (freeze)
rCold   . . .      Faith    .    (no shield)
rNeg    . . .      Spirit   +    k - +1 ring mail {rPois}
rPois   +          Reflect  .    (no helmet)
rElec   .          Rampage  .    (no cloak)
rCorr   +                        r - +0 pair of gloves
Will    .....                    (no boots)
Stlth   ++                       (no amulet)
HPRegen 1.06/turn                d - ring of poison resistance
MPRegen 0.11/turn                q - ring of resist corrosion

@: no status effects
A: fangs 2, regeneration 1, magic shield, antimagic bite, no potion heal 2
a: no special abilities


You were on level 5 of the Dungeon.
You visited 1 branch of the dungeon, and saw 6 of its levels.

You collected 289 gold pieces.

Inventory:

Hand Weapons
 a - a +0 falchion of freezing (weapon)
Missiles
 n - 3 poisoned darts (quivered)
 u - 3 silver javelins
Armour
 k - a +1 ring mail of poison resistance (worn)
 r - a +0 pair of gloves (worn)
Jewellery
 d - a ring of poison resistance (left hand)
 o - a ring of willpower
 q - a ring of resist corrosion (right hand)
Wands
 j - a wand of polymorph (3)
 l - a wand of roots (9)
 m - a wand of charming (15)
Scrolls
 e - 4 scrolls of teleportation
 i - a scroll of silence
Potions
 b - 3 potions of mutation
 c - a potion of ambrosia
 f - 3 potions of haste
 g - a potion of brilliance {unknown}
 h - a potion of might {unknown}
 p - 2 potions of curing {unknown}
 s - a potion of experience {unknown}
 t - a potion of attraction {unknown}


   Skills:
 + Level 4.2 Fighting
 * Level 5.3 Long Blades
 + Level 2.7 Armour
 + Level 3.8 Dodging
 - Level 2.4 Stealth


You had 6 spell levels left.
You didn't know any spells.
Your spell library contained the following spells:

 Spells                   Type           Power      Damage    Failure   Level
 Blink                    Tloc           0%         N/A       75%         2
 Lesser Beckoning         Tloc           0%         N/A       75%         2
 Momentum Strike          Conj/Tloc      0%         3d8       75%         2
 Ozocubu's Armour         Ice            0%         N/A       92%         3
 Ozocubu's Refrigeration  Ice            0%         4d7       100%        7


Dungeon Overview and Level Annotations

Branches:
Dungeon (6/15)
 Temple: D:4-7

Altars:
Fedhas
Makhleb
Xom


Innate Abilities, Weirdness & Mutations

You have extremely sharp teeth.
Your natural rate of healing is unusually fast.
When hurt, damage is shared between your health and your magic reserves.
Your bite disrupts and absorbs the magic of your enemies.
Potions cannot restore your health.


Message History

You bite the gnoll sergeant. You drain its power.
You feel invigorated.
The gnoll sergeant is severely wounded.
The gnoll sergeant hits you but does no damage.
You hit the gnoll sergeant. You freeze the gnoll sergeant.
Your bite misses the gnoll sergeant.
The gnoll sergeant is almost dead.
The gnoll sergeant closely misses you.
You hit the gnoll sergeant but do no damage.
The gnoll sergeant is almost dead.
The gnoll sergeant hits you with a +1 spear of freezing.
The gnoll sergeant freezes you.
You hit the gnoll sergeant but do no damage.
You bite the gnoll sergeant, but do no damage.
The gnoll sergeant is almost dead.
The gnoll sergeant closely misses you.
You closely miss the gnoll sergeant.
The gnoll sergeant is almost dead.
The gnoll sergeant hits you with a +1 spear of freezing.
The gnoll sergeant freezes you.
* * * LOW HITPOINT WARNING * * *
You barely miss the gnoll sergeant.
The gnoll sergeant is almost dead.
The gnoll sergeant hits you but does no damage.
You hit the gnoll sergeant but do no damage.
The gnoll sergeant is almost dead.
The gnoll sergeant hits you with a +1 spear of freezing!
* * * LOW HITPOINT WARNING * * *
The gnoll sergeant freezes you.
* * * LOW HITPOINT WARNING * * *
You closely miss the gnoll sergeant. You bite the gnoll sergeant.
You drain its power.
You feel invigorated.
The gnoll sergeant is almost dead.
The gnoll sergeant misses you.
You barely miss the gnoll sergeant.
The gnoll sergeant is almost dead.
The gnoll sergeant barely misses you.
You closely miss the gnoll sergeant.
The gnoll sergeant is almost dead.
The gnoll sergeant hits you with a +1 spear of freezing!
You die...

## #'#.. ##. #..). ###..#####
###.. ...... ........# #.+..
...... ####).....#+# #+#.###
...... #...........# #.....#
......# ##........##+##.....'
....... #...g.........#.....#
.......####...@.......###'#.###
.......................#..#.+.<
.......<.#############....###.†
....$.#### #####..... .....
#..... .... #..... ... #.....
## #..... ##....


You could see a gnoll sergeant.

Vanquished Creatures
  Menkaure (D:4)
  A black bear (D:5)
  An ogre (D:4)
  A centaur (D:5)
  Blork the orc (D:5)
  A hound (D:5)
  A jelly (D:4)
  An iguana (D:4)
  Ijyb (D:3)
  4 adders
  2 gnolls (D:1)
  A white imp (D:5)
  2 dart slugs
  2 orcs
  8 ball pythons
  8 endoplasms
  2 giant cockroaches
  4 goblins
  5 hobgoblins
  3 jackals (D:4)
  5 kobolds
  9 bats
  3 frilled lizards
  5 rats
72 creatures vanquished.

Notes
Turn   | Place    | Note
-------+----------+-------------------------------------------
     0 | D:1      | DeathPants the Vine Stalker Monk began the quest for the
                  | Orb.
     0 | D:1      | Reached XP level 1. HP: 11/11 MP: 2/2
   154 | D:1      | Reached XP level 2. HP: 15/16 MP: 3/3
   240 | D:1      | Reached skill level 3 in Long Blades
   547 | D:2      | Reached XP level 3. HP: 19/19 MP: 4/4
  1026 | D:3      | Noticed Ijyb
  1063 | D:3      | HP: 1/20 [Ijyb/+0 dagger (4)]
  1067 | D:3      | Killed Ijyb
  1068 | D:3      | Reached skill level 1 in Armour
  1068 | D:3      | Gained mutation: Your natural rate of healing is unusually
                  | fast. [Vine Stalker growth]
  1068 | D:3      | Reached XP level 4. HP: 2/24 MP: 1/5
  1255 | D:3      | Found a blossoming altar of Fedhas.
  1368 | D:3      | Found a faded altar of an unknown god.
  1621 | D:3      | Reached XP level 5. HP: 28/28 MP: 6/6
  1840 | D:3      | Found a burning altar of Makhleb.
  1840 | D:3      | Noticed a balrug
  1843 | D:3      | Noticed a hellwing
  1843 | D:3      | Noticed a hellwing
  2387 | D:4      | Reached skill level 4 in Long Blades
  2434 | D:5      | Entered Level 5 of the Dungeon
  2434 | D:5      | Noticed Blork the orc
  2435 | D:5      | Noticed a centaur
  2537 | D:4      | Noticed an ogre
  2545 | D:4      | Killed an ogre
  2546 | D:4      | Reached XP level 6. HP: 29/33 MP: 4/7
  2810 | D:4      | Noticed Menkaure
  2829 | D:4      | Killed Menkaure
  2830 | D:4      | Reached XP level 7. HP: 14/37 MP: 3/8
  3218 | D:5      | Reached skill level 5 in Long Blades
  3284 | D:5      | Found a shimmering altar of Xom.
  3342 | D:5      | Killed Blork the orc
  3482 | D:5      | Slain by a gnoll sergeant

Illustrated notes

Levels and vault maps discovered:
D:1:      heliophobic_arrival_battle_scene, layout_rooms,
          amcnicky_mini_pool_small
D:2:      layout_loops_cross
D:3:      layout_basic, fedhas_altar_2, makhleb_altar_promises_db,
          dreamdust_ecumenical_altar_statues, chequers_decorated_corner,
          minmay_pentangle, uniq_ijyb
D:4:      layout_rooms, uniq_menkaure
D:5:      nicolae_cairo_tiling_large, layout_rooms,
          mainiacjoe_overflow_concentric_impassable, temple_fountains,
          kennysheep_pointless_box, uniq_edmund, uniq_blork_the_orc
D:6:      layout_rooms, marbit_many_paths, minmay_misc_feat_tiny,
          kennysheep_another_room

Skill      XL: |  1  2  3  4  5  6  7 |
---------------+----------------------+-----
Long Blades    | 3 4 5 |  5.3
Fighting       | 3 4 |  4.2
Armour         | 1 2 |  2.7
Dodging        | 3 |  3.8
Stealth        | |  2.4

Action                     |  1- 3 |  4- 6 |  7- 9 || total
---------------------------+-------+-------+-------++-------
  Melee: Falchion          |    69 |   100 |    40 ||   209
         Bite              |    15 |    28 |    16 ||    59
         Unarmed           |    28 |       |       ||    28
         Punch             |       |       |     1 ||     1
  Throw: Javelin           |       |     5 |     3 ||     8
    Use: Scroll            |     5 |     6 |     1 ||    12
   Stab: Sleeping          |     2 |     3 |     1 ||     6
 Armour: Robe              |     6 |       |       ||     6
         Ring mail         |    15 |    28 |    13 ||    56
         Skin              |     3 |       |       ||     3
  Dodge: Dodged            |    63 |    70 |    29 ||   162

Table legend: (Time is in decaauts)
 A = Elapsed time spent in this place.
 B = Non-inter-level travel time spent in this place.
 C = Inter-level travel time spent in this place.
 D = Time resting spent in this place.
 E = Time spent auto-exploring this place.
 F = Levels seen in this place.
 G = Mean time per level.
                   A        B        C        D        E       F      G
               +--------+--------+--------+--------+--------+-----+--------+
         Total |   3515 |   3367 |    148 |    344 |   1934 |   6 |  585.8 |
       Dungeon |   3515 |   3367 |    148 |    344 |   1934 |   6 |  585.8 |
               +--------+--------+--------+--------+--------+-----+--------+

Top non-repeatable levels by time:
     D:3: 1005 daAuts
     D:4: 856 daAuts
     D:2: 682 daAuts
     D:1: 670 daAuts
     D:5: 283 daAuts
     D:6: 17 daAuts
